 Dungeon Crawl Stone Soup version 0.23.0-3-gf3c87f2 (webtiles) character file.

Game seed: 12152916950327932434

35350 magipi the Spear-Bearer (level 13, -4/108 HPs)
             Began as a Merfolk Berserker on Feb 21, 2019.
             Was a High Priest of Trog.
             Shot with an arrow by a centaur warrior (7 damage)
             ... on level 14 of the Dungeon.
             The game lasted 00:56:15 (16660 turns).

magipi the Spear-Bearer (Merfolk Berserker)        Turns: 16660, Time: 00:56:15

Health: -4/108     AC: 12    Str: 22    XL:     13   Next: 83%
Magic:  20/20      EV: 17    Int:  6    God:    Trog [*****.]
Gold:   176        SH:  0    Dex: 14    Spells: 12/12 levels left

rFire    + . .     SeeInvis +   a - +3 demon trident (elec)
rCold    . . .     Gourm    .   (no shield)
rNeg     . . .     Faith    +   B - +0 scale mail {rPois}
rPois    +         Spirit   .   c - +0 mask of the Dragon {MR+ Slay+3 SInv}
rElec    .         Reflect  .   (no cloak)
rCorr    .         Harm     .   q - +1 pair of gloves
MR       +....                  y - +0 pair of boots
Stlth    ..........             r - amulet of faith
HPRegen  0.28/turn              f - ring of protection from fire
MPRegen  0.17/turn              (no ring)

@: berserk cooldown, very slightly contaminated, slowed, very slow
A: change form in water, swift swim, stealthy swim
a: Berserk, Trog's Hand, Brothers in Arms, Renounce Religion


You were on level 14 of the Dungeon.
You worshipped Trog.
Trog was extremely pleased with you.
You were very hungry.

You visited 1 branch of the dungeon, and saw 15 of its levels.

You collected 662 gold pieces.
You spent 486 gold pieces at shops.

Inventory:

Hand Weapons
 a - a +3 demon trident of electrocution (weapon)
   (Trog gifted it to you on level 13 of the Dungeon)
Missiles
 D - 4 steel javelins (quivered)
Armour
 c - the +0 mask of the Dragon (worn) {MR+ Slay+3 SInv}
   (You acquired it on level 8 of the Dungeon)

   It affects your accuracy and damage with ranged weapons and melee attacks
   (+3).
   It affects your resistance to hostile enchantments.
   It lets you see invisible.
 q - a +1 pair of gloves (worn)
   (You found it on level 2 of the Dungeon)
 y - a +0 pair of boots (worn)
   (You found it on level 8 of the Dungeon)
 A - +0 acid dragon scales
   (You found it on level 11 of the Dungeon)
 B - a +0 scale mail of poison resistance (worn)
   (You took it off an orc on level 10 of the Dungeon)
 E - +0 ice dragon scales
   (You found it on level 11 of the Dungeon)
Jewellery
 f - a ring of protection from fire (left hand)
   (You found it on level 6 of the Dungeon)
 r - an amulet of faith (around neck)
   (You took it off an orc on level 7 of the Dungeon)
 H - an uncursed ring of ice
   (You found it on level 11 of the Dungeon)
 K - an uncursed ring of positive energy
   (You took it off a wight on level 12 of the Dungeon)
Wands
 g - a wand of flame (14)
   (You found it on level 5 of the Dungeon)
 l - a wand of paralysis (10)
   (You found it on level 11 of the Dungeon)
 n - a wand of enslavement (7)
   (You found it on level 8 of the Dungeon)
 s - a wand of acid (1)
   (You found it on level 8 of the Dungeon)
 w - a wand of iceblast (4)
   (You found it on level 8 of the Dungeon)
 z - a wand of disintegration (12)
   (You bought it in a shop on level 8 of the Dungeon)
 J - a wand of polymorph (4)
   (You took it off a wight on level 12 of the Dungeon)
 L - a wand of scattershot (3)
   (You found it on level 5 of the Dungeon)
 N - a wand of clouds (4)
   (You took it off a centaur warrior on level 12 of the Dungeon)
Scrolls
 b - a scroll of enchant weapon
 d - 7 scrolls of teleportation
 e - a scroll of blinking
 h - 5 scrolls of remove curse
 j - 3 scrolls of identify
 F - a scroll of fear
Potions
 k - 5 potions of brilliance
 m - 3 potions of might
 o - 4 potions of lignification
 p - 6 potions of flight
 t - a potion of resistance
 u - 2 potions of heal wounds
 v - a potion of invisibility
 C - a potion of magic
 G - 3 potions of cancellation
 I - 2 potions of curing
Miscellaneous
 i - a lamp of fire
   (You found it on level 13 of the Dungeon)
Comestibles
 x - 23 rations


   Skills:
 - Level 12.0 Fighting
 - Level 14.0 Polearms
 + Level 10.4 Armour
 + Level 11.0 Dodging
 - Level 10.0 Evocations


You had 12 spell levels left.
You didn't know any spells.
Your spell library contained the following spells:

 Spells                   Type           Power        Failure   Level  Hunger
 Animate Skeleton         Necr           N/A          73%         1    ##.....
 Apportation              Tloc           #.....       73%         1    ##.....
 Confusing Touch          Hex            #.....       73%         1    ##.....
 Freeze                   Ice            #...         73%         1    ##.....
 Pain                     Necr           #...         73%         1    ##.....
 Sandblast                Erth           #.....       73%         1    ##.....
 Summon Small Mammal      Summ           #...         73%         1    ##.....
 Call Imp                 Summ           #.......     86%         2    ###....
 Passwall                 Tmut/Erth      #.......     86%         2    ###....
 Sublimation of Blood     Necr           #.........   86%         2    ###....
 Throw Frost              Conj/Ice       #.....       86%         2    ###....
 Call Canine Familiar     Summ           #.......     97%         3    ####...
 Ignite Poison            Fire/Tmut/Pois #.......     97%         3    ####...
 Ozocubu's Armour         Chrm/Ice       #.......     97%         3    ####...
 Regeneration             Chrm/Necr      #.........   97%         3    ####...
 Stone Arrow              Conj/Erth      #.....       97%         3    ####...
 Summon Guardian Golem    Hex/Summ       #.......     97%         3    ####...
 Vampiric Draining        Necr           #.........   97%         3    ####...
 Animate Dead             Necr           N/A          100%        4    #####..
 Petrify                  Tmut/Erth      #.......     100%        4    #####..
 Summon Ice Beast         Ice/Summ       #.......     100%        4    #####..
 Summon Lightning Spire   Summ/Air       #.......     100%        4    #####..
 Throw Icicle             Conj/Ice       #.......     100%        4    #####..
 Alistair's Intoxication  Tmut/Pois      #.......     100%        5    ######.
 Irradiate                Conj/Tmut      #.........   100%        5    ######.
 Lee's Rapid Deconstruct  Erth           #.........   100%        5    ######.


Dungeon Overview and Level Annotations

Branches:
Dungeon (15/15)            Temple (0/1) D:7            Lair (0/6) D:10
    Orc (0/2) D:10         Vaults (0/5) D:13
 Depths: D:15

Altars:
Ashenzari
Dithmenos
Elyvilon
Fedhas
Hepliaklqana
Kikubaaqudgha
Makhleb
Ru
Sif Muna
Trog
Uskayaw
Vehumet
Xom
The Shining One
Beogh

Shops:
D:8 }   D:12 !

Annotations:
D:3 3 runed translucent doors, Akransas's ghost, amateur GrBe
D:14 Louise


Message History

The tengu conjurer mumbles some strange words.
The tengu conjurer conjures a globe of magical energy!
A battlesphere comes into view.
Okay, then.
Unknown command.
You puncture the tengu conjurer!
Lightning courses through the tengu conjurer!
You kill the tengu conjurer!
Trog accepts your kill.
Trog appreciates your killing of a magic user.
The battlesphere dissipates.
Your Dodging skill increases to level 11!
The unseen horror is engulfed in noxious fumes.
The unseen horror hits you!
A kobold comes into view.
The unseen horror is engulfed in noxious fumes.
A troll comes into view.
You feel sick.
The troll shouts!
The unseen horror is engulfed in noxious fumes.
The unseen horror appears confused.
The unseen horror is engulfed in noxious fumes.
The unseen horror appears confused.
You see here 2 stones.
A slime creature comes into view.
The slime creature quivers.
A slime creature comes into view.
Things that are here:
an ugly thing corpse x2
Okay, then.
You feel sick.
Something unseen opens the door.
Something closely misses the kobold demonologist.
You feel sick.
The kobold demonologist gestures wildly while chanting.
The troll barely misses you. The troll closely misses you. x2
As you open the door, it creaks loudly!
You hear a shout! x2
Something hits the kobold!
The kobold dies!
The troll bites you! The troll barely misses you. The troll claws you.
Found a stone staircase leading up.
The kobold demonologist begins to cast a cantrip, but forgets the words!
There is an open door here.
You feel sick.
The kobold demonologist looks encouraged for a moment.
The troll bites you but does no damage. The troll claws you.
The troll barely misses you.
Something hits the shadow imp.
The shadow imp shouts, "Begone, thou tottering moon-mazed nert!"
Two slime creatures merge to form a large slime creature.
The troll barely misses you. The troll claws you but does no damage.
The troll closely misses you.
There is a stone staircase leading up here.
Unknown command.
Unknown command.
The troll misses you. The troll barely misses you.
The troll closely misses you.
You climb upwards.
Level annotation: Louise The crimson imp shouts! 2 skeletal warriors come into view.
You feel sick.
You are no longer poisoned.
A skeletal warrior comes into view. It is wielding a +0 hand axe.
The crimson imp closely misses you.
There is a stone staircase leading down here.
Unknown command.
Blink to where?
Press: ? - help, Dir - move target cursor You are very lightly contaminated with residual magic.
As you read the scroll of blinking, it crumbles to dust.
Found a stone staircase leading down.
You start to feel less resistant.
The skeletal warrior hits you with a +0 dire flail!!
* * * LOW HITPOINT WARNING * * *
You feel much better.
The skeletal warrior hits you with a +0 dire flail!!
* * * LOW HITPOINT WARNING * * *
Unknown command.
As you read the scroll of teleportation, it crumbles to dust.
You feel strangely unstable.
Your resistance to elements expires.
The skeletal warrior misses you.
The crimson imp blinks!
Unknown command.
Your surroundings suddenly seem different.
A centaur comes into view.
The centaur shouts!
The centaur wields a +0 shortbow.
The centaur shoots an arrow.
The arrow hits you.
* * * LOW HITPOINT WARNING * * *
A centaur warrior comes into view.
A centaur comes into view.
You hear a shout!
Found an arrow.
You see here an arrow.
The centaur warrior wields a +0 shortbow.
The centaur warrior shoots an arrow.
The arrow hits you!
* * * LOW HITPOINT WARNING * * *
A tengu conjurer comes into view.
The centaur warrior shoots an arrow.
The arrow hits you!
You die...

,******,,,,,,,,,,,,,,,,*,* *,,
,*,,,,,*****,,,****,,,,*,* *,,
,*,***,**,**,*,**,,,,,,*,* *,,
,*,,,,,,,,*,***,*,,,,,,*,* ***
,*****,**,,*****,,,,,,,*,*
,,,,,,,,,,,,,,,,,,,,,,,*,*
,,,,,,,*##########,,*,,,,* *
,,,,,,,,.......(.#,,*,**** *
,,,*****####...#@#,,,,*,,########
,,,,,,,,...'...#.#*,,,*,,#..<...#
**,*****####...#.#,,,,*,,#......#
*,,,,,,,,,.....#c#,,,,*,,#......#
*,,,,,,,,..##.c#cQ,,,,*,,#......#
,,,,****##.*#..###,****,,+.......
,,,,,,,,,.,,#..,,,,,,>*,*#.......
,,,,,*********,*,*,,*,*,*#######.
,,,,,,,,,,,,,,,,,,,,*,*,* *.


You could see a centaur warrior, a tengu conjurer and a centaur.

Vanquished Creatures
  A frost giant (D:12)
  A fire dragon (D:12)
  A deep elf high priest (D:12)
  An ice dragon (D:11)
  4 vault guards
  4 hydras
  3 centaur warriors
  2 two-headed ogres (D:12)
  A deep troll earth mage (D:12)
  Sonja (D:10)
  2 unseen horrors (D:12)
  A harpy (shapeshifter) (D:13)
  6 ugly things
  2 manticores (D:12)
  2 cyclopes (D:13)
  3 gargoyles
  A rime drake (D:11)
  2 kobold demonologists
  A tengu conjurer (D:15)
  3 trolls
  A troll (shapeshifter) (D:12)
  2 polar bears
  A slime creature (D:12)
  A hornet (D:9)
  Prince Ribbit (D:7)
  2 hippogriffs
  12 yaks
  2 wraiths
  A vampire (D:12)
  2 wyverns (D:12)
  4 basilisks
  2 hungry ghosts
  3 vampire mosquitoes (D:12)
  A steam dragon (D:11)
  Menkaure (D:5)
  3 wargs
  2 soldier ants (D:9)
  2 acid dragons
  A water moccasin (D:5)
  7 sky beasts
  9 orc warriors
  3 ice beasts
  2 black bears
  4 phantoms
  7 ogres
  8 centaurs
  A big kobold (D:13)
  8 bullfrogs
  5 scorpions
  12 killer bees
  11 wights
  A howler monkey (D:11)
  4 crimson imps (D:12)
  A bullfrog zombie (D:12)
  2 centaur zombies
  2 jellies
  3 orc priests
  3 bullfrog skeletons
  7 hounds
  20 orc wizards
  A centaur skeleton (D:11)
  2 iguanas
  6 worker ants
  2 hound zombies
  2 hound skeletons
  12 adders
  2 gnolls (D:13)
  5 shadow imps
  2 oozes
  An adder zombie (D:5)
  4 adder skeletons
  5 worms
  2 dart slugs (D:1)
  A leopard gecko (D:2)
  74 orcs
  9 giant cockroaches
  11 goblins
  7 hobgoblins
  4 jackals
  6 quokkas
  A ball python (D:3)
  5 bats
  2 frilled lizards
  11 kobolds
  A leopard gecko skeleton (D:5)
  9 rats
393 creatures vanquished.

Vanquished Creatures (collateral kills)
  A manticore (D:11)
  A wyvern (D:11)
  2 vampire mosquitoes (D:12)
  A scorpion (D:11)
  A hound (D:12)
6 creatures vanquished.

Vanquished Creatures (others)
  A kobold (D:15)
1 creature vanquished.

Grand Total: 400 creatures vanquished

Notes
Turn   | Place    | Note
-------+----------+-------------------------------------------
     0 | D:1      | magipi the Merfolk Berserker began the quest for the Orb.
     0 | D:1      | Reached XP level 1. HP: 18/18 MP: 1/1
   204 | D:1      | Found a sacrificial altar of Ru.
   212 | D:1      | Reached XP level 2. HP: 23/24 MP: 2/2
   480 | D:1      | Reached skill level 5 in Polearms
   525 | D:1      | Reached XP level 3. HP: 29/29 MP: 3/3
   770 | D:1      | Reached ** piety under Trog
  1065 | D:2      | Reached XP level 4. HP: 33/37 MP: 4/4
  1556 | D:3      | Reached skill level 6 in Polearms
  1587 | D:3      | Reached XP level 5. HP: 24/42 MP: 5/5
  1917 | D:3      | Found a runed translucent gate.
  1917 | D:3      | Found a runed translucent gate.
  1918 | D:3      | Found a runed translucent gate.
  1918 | D:3      | Noticed Akransas's ghost (amateur GrBe)
  1968 | D:3      | Found a shattered altar of Ashenzari.
  2430 | D:4      | Reached *** piety under Trog
  2430 | D:4      | Reached XP level 6. HP: 34/49 MP: 6/6
  2595 | D:4      | Noticed a phantom
  2648 | D:4      | Killed a phantom
  2648 | D:4      | Reached skill level 7 in Polearms
  2862 | D:4      | Reached XP level 7. HP: 37/55 MP: 7/7
  3082 | D:4      | Reached skill level 5 in Dodging
  3361 | D:4      | Found a shadowy altar of Dithmenos.
  3410 | D:4      | Reached skill level 8 in Polearms
  3882 | D:5      | Entered Level 5 of the Dungeon
  3932 | D:5      | Reached skill level 5 in Fighting
  3958 | D:5      | Found a deep blue altar of Sif Muna.
  4077 | D:5      | Reached XP level 8. HP: 62/62 MP: 8/8
  4110 | D:5      | Reached skill level 9 in Polearms
  4143 | D:5      | Reached **** piety under Trog
  4512 | D:5      | Noticed Menkaure
  4518 | D:5      | Killed Menkaure
  4518 | D:5      | Reached skill level 10 in Polearms
  4746 | D:5      | Noticed a moth of wrath
  4749 | D:5      | Found a bloodstained altar of Trog.
  4984 | D:6      | Found a glowing golden altar of the Shining One.
  5278 | D:6      | Found a white marble altar of Elyvilon.
  5318 | D:6      | Reached XP level 9. HP: 70/70 MP: 9/9
  5472 | D:6      | Reached skill level 11 in Polearms
  5515 | D:6      | Found a burning altar of Makhleb.
  5573 | D:7      | Noticed Prince Ribbit
  5582 | D:7      | Killed Prince Ribbit
  5769 | D:7      | Found a staircase to the Ecumenical Temple.
  6110 | D:7      | Reached skill level 1 in Evocations
  6133 | D:7      | Reached ***** piety under Trog
  6184 | D:7      | Noticed a four-headed hydra
  6198 | D:7      | Killed a four-headed hydra
  6198 | D:7      | Reached skill level 12 in Polearms
  6198 | D:7      | Reached XP level 10. HP: 79/79 MP: 9/11
  6325 | D:7      | Found an ancient bone altar of Kikubaaqudgha.
  6947 | D:8      | Identified a scroll of acquirement
  6948 | D:8      | Found the +0 mask of the Dragon {MR+ Slay+3 SInv}
  6980 | D:8      | Found Noopleri's Gadget Shop.
  7037 | D:8      | Found a radiant altar of Vehumet.
  7150 | D:8      | Found a hazy altar of Hepliaklqana.
  7259 | D:8      | Bought a wand of disintegration (4) for 128 gold pieces
  7587 | D:9      | Found a shimmering altar of Xom.
  7596 | D:9      | Found a shimmering altar of Xom.
  7759 | D:9      | Reached skill level 13 in Polearms
  7759 | D:9      | Reached skill level 5 in Armour
  8159 | D:9      | Found a hide-covered altar of Uskayaw.
  8364 | D:10     | Entered Level 10 of the Dungeon
  8364 | D:10     | Found a staircase to the Orcish Mines.
  8364 | D:10     | Noticed Sonja
  8432 | D:10     | Found a roughly hewn altar of Beogh.
  8638 | D:9      | Received a gift from Trog
  9232 | D:8      | Bought a wand of disintegration (14) for 288 gold pieces
  9259 | D:10     | Got a steaming ruby amulet
  9407 | D:10     | Killed Sonja
  9442 | D:10     | Identified the amulet "Hakoink" {Gourm Dex+3} (You found it
                  | on level 10 of the Dungeon)
  9452 | D:10     | Found a staircase to the Lair.
  9477 | D:10     | Reached skill level 14 in Polearms
  9496 | D:10     | Reached XP level 11. HP: 87/87 MP: 14/14
  9952 | D:11     | Reached skill level 10 in Dodging
  9998 | D:11     | Reached skill level 5 in Evocations
 10195 | D:11     | Found the +8 frozen axe "Frostbite" {freezing cloud, *Noise
                  | +Fly rC+}
 10198 | D:11     | Noticed an ice dragon
 10680 | D:11     | Killed an ice dragon
 10765 | D:11     | Noticed an eight-headed hydra
 10787 | D:11     | Killed an eight-headed hydra
 11068 | D:11     | Noticed a manticore
 11076 | D:11     | Killed a manticore
 11380 | D:11     | Found a blossoming altar of Fedhas.
 11814 | D:11     | Noticed a cyan ugly thing
 11823 | D:11     | Killed a cyan ugly thing
 11823 | D:11     | Reached skill level 10 in Fighting
 12542 | D:12     | Noticed a two-headed ogre
 12547 | D:12     | Killed a two-headed ogre
 12676 | D:12     | Noticed an unseen horror
 12687 | D:12     | Killed an unseen horror
 12687 | D:12     | Reached XP level 12. HP: 95/98 MP: 17/17
 12804 | D:12     | Noticed a frost giant
 12828 | D:12     | Killed a frost giant
 13366 | D:12     | Received a gift from Trog
 13370 | D:12     | Got a fine halberd {god gift}
 13372 | D:12     | Identified the +3 halberd "Baomev" {chop, rN+} (Trog gifted
                  | it to you on level 12 of the Dungeon)
 13391 | D:12     | Found Oplodoh's Distillery.
 13402 | D:12     | Bought a potion of berserk rage for 70 gold pieces
 13477 | D:12     | You fall through a shaft for 2 floors!
 13477 | D:14     | Noticed a centaur warrior
 13478 | D:14     | Noticed Louise
 13492 | D:14     | Killed a centaur warrior
 13653 | D:13     | Noticed a four-headed hydra
 13668 | D:13     | Killed a four-headed hydra
 14240 | D:12     | Noticed a centaur warrior
 14253 | D:12     | Killed a centaur warrior
 14408 | D:12     | Noticed a two-headed ogre
 14422 | D:12     | Killed a two-headed ogre
 14743 | D:12     | Reached XP level 13. HP: 84/108 MP: 19/19
 14767 | D:12     | Noticed a fire dragon
 14802 | D:12     | Killed a fire dragon
 15357 | D:12     | Noticed a deep elf high priest
 15369 | D:12     | Killed a deep elf high priest
 15464 | D:12     | Reached skill level 10 in Evocations
 15842 | D:13     | Received a gift from Trog
 15933 | D:13     | Noticed a vault guard
 15939 | D:13     | Noticed a vault guard
 15947 | D:13     | Noticed a vault guard
 15962 | D:12     | Killed a vault guard
 16088 | D:13     | Killed a vault guard
 16136 | D:13     | Noticed a vault guard
 16152 | D:13     | Killed a vault guard
 16152 | D:13     | Reached skill level 10 in Armour
 16495 | D:13     | Found a gate to the Vaults.
 16508 | D:13     | Killed a vault guard
 16604 | D:13     | You fall through a shaft for 2 floors!
 16604 | D:15     | Entered Level 15 of the Dungeon
 16660 | D:14     | HP: 3/108 [centaur warrior/arrow (15)]
 16660 | D:14     | Shot with an arrow by a centaur warrior

Skill      XL: |  1  2  3  4  5  6  7  8  9 10 11 12 13 |
---------------+----------------------------------------+-----
Dodging        | 3 4 5 7 8 9 10 11 | 11.0
Polearms       | 5 6 7 8 10 12 14 | 14.0
Armour         | 2 3 4 5 7 8 10 | 10.4
Fighting       | 4 5 6 7 8 10 12 | 12.0
Evocations     | 2 4 7 9 10 | 10.0

Action                   |  1- 3 |  4- 6 |  7- 9 | 10-12 | 13-15 || total
-------------------------+-------+-------+-------+-------+-------++-------
Melee: Spear             |   141 |   274 |    48 |       |       ||   463
       Trident           |       |       |   324 |   772 |       ||  1096
       Halberd           |       |       |       |    79 |   102 ||   181
       Demon trident     |       |       |       |       |   105 ||   105
Invok: Berserk           |     1 |     3 |    13 |    21 |     7 ||    45
       Brothers in Arms  |       |       |       |     2 |       ||     2
       Trog's Hand       |       |       |       |     1 |     1 ||     2
Evoke: Wand              |       |       |     1 |    10 |       ||    11
  Use: Scroll            |       |     9 |     5 |    14 |     5 ||    33
       Potion            |       |       |       |     2 |     2 ||     4
 Stab: Invisible         |       |       |       |     4 |       ||     4
  Eat: Chunk             |     2 |     8 |    19 |    30 |     5 ||    64
       Ration            |       |       |     1 |     6 |     2 ||     9
Armor: Ring mail         |     9 |       |       |       |       ||     9
       Chain mail        |    42 |   122 |    57 |       |       ||   221
       Plate armour      |       |       |    53 |    99 |       ||   152
       Scale mail        |       |       |       |   122 |    35 ||   157
       Ice dragon scales |       |       |       |    13 |       ||    13
Dodge: Dodged            |    53 |   100 |    89 |   404 |    90 ||   736

Action                   |  1- 3 |  4- 6 |  7- 9 | 10-12 | 13-15 || total
-------------------------+-------+-------+-------+-------+-------++-------
Melee: Spear             |   141 |   274 |    48 |       |       ||   463
       Trident           |       |       |   324 |   772 |       ||  1096
       Halberd           |       |       |       |    79 |   102 ||   181
       Demon trident     |       |       |       |       |   105 ||   105
Invok: Berserk           |     1 |     3 |    13 |    21 |     7 ||    45
       Brothers in Arms  |       |       |       |     2 |       ||     2
       Trog's Hand       |       |       |       |     1 |     1 ||     2
Evoke: Wand              |       |       |     1 |    10 |       ||    11
  Use: Scroll            |       |     9 |     5 |    14 |     5 ||    33
       Potion            |       |       |       |     2 |     2 ||     4
 Stab: Invisible         |       |       |       |     4 |       ||     4
  Eat: Chunk             |     2 |     8 |    19 |    30 |     5 ||    64
       Ration            |       |       |     1 |     6 |     2 ||     9
Armor: Ring mail         |     9 |       |       |       |       ||     9
       Chain mail        |    42 |   122 |    57 |       |       ||   221
       Plate armour      |       |       |    53 |    99 |       ||   152
       Scale mail        |       |       |       |   122 |    35 ||   157
       Ice dragon scales |       |       |       |    13 |       ||    13
Dodge: Dodged            |    53 |   100 |    89 |   404 |    90 ||   736
